 Dungeon Crawl Stone Soup version 0.29-a0-380-gf50f0a9fbc (webtiles) character file.

Game seed: 15892443083976708292

84 bastard the Caller (level 4, -3/28 (30) HPs)
             Began as a Barachi Summoner on May 6, 2022.
             Slain by Crazy Yiuf
             ... wielding a +2 quarterstaff of chaos
              (6 damage)
             ... on level 3 of the Dungeon.
             The game lasted 00:07:10 (3693 turns).

bastard the Caller (Barachi Summoner)               Turns: 3693, Time: 00:07:10

HP:   -3/28 (30)    AC:  3    Str: 10    XL:     4   Next: 46%
MP:   0/7           EV: 12    Int: 17    God:
Gold: 130           SH:  0    Dex: 12    Spells: 3/8 levels left

rFire   . . .      SeeInvis .   (no weapon)
rCold   . . .      Faith    .   (no shield)
rNeg    . . .      Spirit   .   a - +0 robe
rPois   .          Reflect  .   (no helmet)
rElec   .          Harm     .   (no cloak)
rCorr   .          Rampage  .   j - +0 pair of gloves
Will    +....      Rage     1%  (no boots)
Stlth   ++........              (no amulet)
HPRegen 0.09/turn               (no ring)
MPRegen 0.10/turn               (no ring)

@: unable to hop, drained, slow
A: amphibious, slowness 1, strong legs 1, +LOS, berserk 1, strong-willed 1,
MP-powered wands
a: Hop


You were on level 3 of the Dungeon.
You visited 1 branch of the dungeon, and saw 3 of its levels.

You collected 130 gold pieces.

Inventory:

Armour
 a - a +0 robe (worn)
 j - a +0 pair of gloves (worn)
Wands
 i - a wand of iceblast (11)
Scrolls
 g - a scroll of teleportation
Potions
 b - a potion of magic
 d - 2 potions of curing
 e - a potion of haste {unknown}
 f - 2 potions of flight {unknown}
 h - a potion of cancellation {unknown}
 k - a potion of might {unknown}
 n - 2 potions of degeneration {unknown}


   Skills:
 - Level 2.1 Dodging
 - Level 1.7 Stealth
 + Level 2.6 Spellcasting
 + Level 6.7 Summonings


You had 3 spell levels left.
You knew the following spells:

 Your Spells              Type           Power      Damage    Failure   Level
a - Call Canine Familiar  Summ           25%        N/A       3%          3
b - Call Imp              Summ           25%        N/A       1%          2

Your spell library contained the following spells:

 Spells                   Type           Power      Damage    Failure   Level
 Summon Small Mammal      Summ           100%       N/A       1%          1
 Summon Guardian Golem    Hex/Summ       13%        N/A       14%         3
 Apportation              Tloc           4%         N/A       19%         1
 Shock                    Conj/Air       8%         1d3       19%         1
 Swiftness                Air            2%         N/A       50%         3
 Summon Lightning Spire   Summ/Air       13%        N/A       41%         4
 Airstrike                Air            1%         N/A       88%         4
 Alistair's Intoxication  Tmut/Pois      1%         N/A       99%         5


Dungeon Overview and Level Annotations

Branches:
Dungeon (3/15)

Altars:

Shops:
D:1 [

Annotations:
D:3 Crazy Yiuf


Innate Abilities, Weirdness & Mutations

You are amphibious.
You cover ground slowly.
You can hop short distances.
You have an extended range of vision and can be seen from far away.
You tend to lose your temper in combat.
You are strong-willed. (Will+)
You expend magic power (3 MP) to strengthen your wands.


Message History

You don't know that spell.
Casting: Call Imp (safe; 1% risk of failure)
Confirm with . or Enter, or press ? or * to list all spells.
Your hound barely misses Crazy Yiuf.
Crazy Yiuf cries, "Announcement hand Orb Guardian!"
Your crimson imp blinks!
Unknown command.
What are your orders? t - Croak!
Orders for allies: a - Attack new target. r - Retreat! s - Stop attacking. g - Guard the area. f - Follow me.
Anything else - Cancel.
Gang up on whom?
Press: ? - help, Dir - move target, f - Crazy Yiuf
Aim: Crazy Yiuf, wielding a +2 quarterstaff of chaos and wearing a +0 cloak (ally target) Attack!
Your hound bites Crazy Yiuf.
Your hound barely misses Crazy Yiuf.
Crazy Yiuf laughs, "Peeping ladder bush!"
Your hound bites Crazy Yiuf.
Hop to where?
Press: ? - help, Dir - move target, p - Crazy Yiuf Boing!
Your hound bites Crazy Yiuf.
Crazy Yiuf whimpers, "Race cower agre!"
Your crimson imp blinks!
Casting: Call Canine Familiar (dangerous; 3% risk of failure)
Confirm with . or Enter, or press ? or * to list all spells.
Your hound disappears in a puff of smoke!
Crazy Yiuf closely misses you.
Casting: Call Canine Familiar (dangerous; 3% risk of failure)
Confirm with . or Enter, or press ? or * to list all spells.
A shadowy apparition takes form in the air.
Your crimson imp disappears in a puff of smoke!
Your hound barely misses Crazy Yiuf.
Crazy Yiuf hits you with a +2 quarterstaff of chaos!
Ouch! That really hurt!
* * * LOW HITPOINT WARNING * * *
You feel drained.
You die...

#)#.# ####### #......# #...#
#.#.###.....# #.###..######...##
.....##.....####.###.............
#.##.##..........#...............
#.##.##.....###..#..#............
#..#.##.....# #..#..#.#####.....#
##.#.######## #.......# #.....#
.....# ##.##..### #(....# ##.###
##..@#..# #.....#
##.##########..g....# #.....#
##........##...5h...#######.....#
#.#.5§..h.##............#.<......
.###.####.##§#......###..###....#
## ##....................# #..#..
.###.####.##.####..#.##..###)....
#.#g#####.##.####..#.##.#...#(...
##.5......##............#####.###


You could see Crazy Yiuf (ally target), a friendly hound (summoned) and a
friendly shadow imp (summoned).

Vanquished Creatures
  3 ball pythons
  A goblin (D:3)
  A hobgoblin (D:3)
  A kobold (D:1)
  A quokka (D:1)
  2 frilled lizards
  A rat (D:1)
10 creatures vanquished.

Vanquished Creatures (collateral kills)
  2 adders (D:2)
  2 worms (D:2)
  3 dart slugs
  2 orcs (D:3)
  7 endoplasms
  3 giant cockroaches
  3 goblins
  2 hobgoblins (D:2)
  2 quokkas (D:2)
  8 ball pythons
  3 bats
  2 kobolds
39 creatures vanquished.

Grand Total: 49 creatures vanquished

Notes
Turn   | Place    | Note
-------+----------+-------------------------------------------
     0 | D:1      | bastard the Barachi Summoner began the quest for the Orb.
     0 | D:1      | Reached XP level 1. HP: 13/13 MP: 3/3
    27 | D:1      | Found Miochoel's Antique Armour Shoppe.
   113 | D:1      | Reached skill level 5 in Summonings
   298 | D:1      | Reached XP level 2. HP: 11/19 MP: 1/5
   301 | D:1      | Learned a level 2 spell: Call Imp
   479 | D:1      | Found a faded altar of an unknown god.
  1643 | D:2      | Reached XP level 3. HP: 24/24 MP: 3/6
  1647 | D:2      | Learned a level 3 spell: Call Canine Familiar
  1680 | D:2      | Reached skill level 6 in Summonings
  2789 | D:2      | Reached XP level 4. HP: 30/30 MP: 1/7
  3185 | D:3      | Gained mutation: Your spells are a little easier to cast,
                  | but a little less powerful. [potion of mutation]
  3185 | D:3      | Gained mutation: You expend magic power (3 MP) to
                  | strengthen your wands. [potion of mutation]
  3185 | D:3      | Gained mutation: You have an increased reservoir of magic.
                  | (+10% MP) [potion of mutation]
  3186 | D:3      | Lost mutation: Your spells are a little easier to cast, but
                  | a little less powerful. [potion of mutation]
  3186 | D:3      | Lost mutation: You have an increased reservoir of magic.
                  | (+10% MP) [potion of mutation]
  3186 | D:3      | Gained mutation: You are strong-willed. (Will+) [potion of
                  | mutation]
  3186 | D:3      | Gained mutation: You tend to lose your temper in combat.
                  | [potion of mutation]
  3361 | D:3      | Found a runed translucent door.
  3362 | D:3      | Noticed Crazy Yiuf
  3693 | D:3      | Slain by Crazy Yiuf

Illustrated notes

Levels and vault maps discovered:
D:1:      wheals_arrival_shading, layout_loops_ring, serial_shops,
          nicolae_shop_window_shopping, hellmonk_ecumenical_altar_arch_garden
D:2:      layout_loops_cross, kennysheep_small_spiral
D:3:      layout_loops_cross, feat_on_display, uniq_crazy_yiuf_cottage

Skill      XL: |  1  2  3 |
---------------+----------+-----
Summonings     | 5 6 |  6.7
Dodging        | |  2.1
Stealth        | |  1.7
Spellcasting   | |  2.6

Action                   |  1- 3 |  4- 6 || total
-------------------------+-------+-------++-------
Melee: Unarmed           |    55 |    24 ||    79
 Cast: Summon Small Mamm |    11 |       ||    11
       Call Imp          |    21 |     6 ||    27
       Call Canine Famil |     4 |     4 ||     8
 Abil: Hop               |     1 |     2 ||     3
  Use: Scroll            |     5 |     5 ||    10
       Potion            |       |     2 ||     2
Armor: Robe              |    15 |     6 ||    21
Dodge: Dodged            |    62 |    21 ||    83

Table legend: (Time is in decaauts)
 A = Elapsed time spent in this place.
 B = Non-inter-level travel time spent in this place.
 C = Inter-level travel time spent in this place.
 D = Time resting spent in this place.
 E = Time spent auto-exploring this place.
 F = Levels seen in this place.
 G = Mean time per level.
                   A        B        C        D        E       F      G
               +--------+--------+--------+--------+--------+-----+--------+
         Total |   4029 |   3956 |     73 |      0 |   3252 |   3 | 1343.0 |
       Dungeon |   4029 |   3956 |     73 |      0 |   3252 |   3 | 1343.0 |
               +--------+--------+--------+--------+--------+-----+--------+

Top non-repeatable levels by time:
     D:2: 1732 daAuts
     D:1: 1461 daAuts
     D:3: 835 daAuts
